 Dungeon Crawl Stone Soup version 0.32-a0-18-g89e19f1974 (webtiles) character file.

Game seed: 14281596216550114102

51 p00ps00p the Trooper (level 3, -2/33 HPs)
             Began as a Hill Orc Fighter on Jan 17, 2024.
             Slain by a gnoll
             ... wielding a +0 halberd
              (10 damage)
             ... on level 2 of the Dungeon.
             The game lasted 00:01:23 (1252 turns).

p00ps00p the Trooper (Hill Orc Fighter)             Turns: 1252, Time: 00:01:24

Health: -2/33      AC: 11    Str: 20    XL:     3   Next: 83%
Magic:  3/3        EV:  5    Int:  8    God:
Gold:   109        SH:  5    Dex: 10    Spells: 2/2 levels left

rFire   . . .        a - +0 war axe
rCold   . . .        c - +1 buckler
rNeg    . . .        e - +0 plate armour
rPois   .            (no helmet)
rElec   .            (no cloak)
rCorr   .            (no gloves)
SInv    .            (no boots)
Will    .....        (no amulet) Stlth
                     (no ring)
HPRegen 0.25/turn    (no ring)
MPRegen 0.08/turn

%: no passive effects
@: no status effects
A: no striking features
a: no special abilities


You were on level 2 of the Dungeon.
You visited 1 branch of the dungeon, and saw 2 of its levels.

You collected 109 gold pieces.

Inventory:

Hand Weapons
 a - a +0 war axe (weapon)
Armour
 b - a +0 scale mail
 c - a +1 buckler (worn)
 e - a +0 plate armour (worn)
Scrolls
 i - a scroll of immolation {unknown}
 j - a scroll of vulnerability {unknown}
 k - a scroll of identify
Potions
 d - a potion of might
 f - a potion of haste {unknown}
 g - a potion of curing {unknown}
 h - a potion of resistance


   Skills:
 + Level 4.2 Fighting
 + Level 3.6 Axes
 + Level 3.7 Armour
 + Level 3.8 Shields


You had 2 spell levels left.
You didn't know any spells.
Your spell library contained the following spells:

 Spells                   Type           Power      Damage    Failure   Level
 Summon Small Mammal      Summ           0%         N/A       100%        1
 Call Canine Familiar     Summ           0%         N/A       100%        3
 Summon Blazeheart Golem  Fire/Summ      0%         N/A       100%        4


Dungeon Overview and Level Annotations

Branches:
Dungeon (2/15)

Altars:


Message History

i - a scroll labelled YTAUDO MUGHIH You now have 102 gold pieces (gained 8).
You pick up a book of Callings and begin reading...
You add the spells Summon Small Mammal, Call Canine Familiar and Summon Blazeheart Golem to your library.
Found a stone staircase leading down.
No target in view!
No target in view!
No target in view!
Found a stone staircase leading up.
You now have 109 gold pieces (gained 7).
j - a scroll labelled GUICVY HARCHUOQ
Found a stone staircase leading down.
There is a stone staircase leading down here.
k - a scroll of identify You open the door. 3 gnolls come into view.
A gnoll is wielding a +2 whip of electrocution.
The gnoll shouts! x3
A gnoll comes into view. It is wielding a +0 halberd.
The gnoll hits you but does no damage. You block the gnoll's attack.
There is an open door here.
You slash the gnoll!
The gnoll is severely wounded.
You closely miss the gnoll. You block the gnoll's attack.
The gnoll hits you with a +2 whip of electrocution.
You closely miss the gnoll.
The gnoll is severely wounded.
You hit the gnoll but do no damage. You block the gnoll's attack.
The gnoll hits you but does no damage.
You hit the gnoll.
You kill the gnoll!
You hit the gnoll. You closely miss the gnoll.
The gnoll hits you with a +2 whip of electrocution.
You are electrocuted!!
Ouch! That really hurt!
The gnoll hits you with a +0 club.
* * * LOW HITPOINT WARNING * * *
You block the gnoll's attack. The gnoll hits you but does no damage.
The gnoll hits you from afar with a +0 halberd!
You die...

#.##.#
#.#.....#.#
#.. ...
#.##.####.#
.....##.#
##.#.###.##
###.#. .#
.##.##.#
#.# .#
#.###.## .#
#.###.#
#.#.##
#...# ##@##
#g)g# #.g.#
#.≈.# #.≈.#
#.≈.# #...#
#...#


You could see 3 gnolls.

Vanquished Creatures
  A gnoll (D:2)
  3 dart slugs
  6 endoplasms
  2 giant cockroaches
  2 goblins
  6 hobgoblins (D:1)
  6 ball pythons
  2 bats (D:1)
  2 frilled lizards
  10 kobolds
  A rat (D:2)
41 creatures vanquished.

Notes
Turn   | Place    | Note
-------+----------+-------------------------------------------
     0 | D:1      | p00ps00p the Hill Orc Fighter began the quest for the Orb.
     0 | D:1      | Reached XP level 1. HP: 19/19 MP: 1/1
   129 | D:1      | Reached XP level 2. HP: 25/27 MP: 2/2
   257 | D:1      | Reached skill level 4 in Fighting
   312 | D:1      | Reached XP level 3. HP: 33/33 MP: 3/3
  1252 | D:2      | Slain by a gnoll

Illustrated notes

Levels and vault maps discovered:
D:1:      psy_arrival_spokes, layout_basic
D:2:      layout_loops_ring, grunt_decor_clamped, minmay_tetromino_l4,
          uniq_crazy_yiuf_cottage, uniq_sigmund

Skill      XL: |  1  2 |
---------------+-------+-----
Axes           | 3 |  3.6
Fighting       | 4 |  4.2
Armour         | |  3.7
Shields        | |  3.8

Action                     || total
---------------------------++-------
  Melee: War axe           ||    92
    Use: Scroll            ||     4
 Armour: Scale mail        ||    36
         Plate armour      ||    21
  Dodge: Dodged            ||    39
  Block: Buckler           ||    22

Table legend: (Time is in decaauts)
 A = Elapsed time spent in this place.
 B = Non-inter-level travel time spent in this place.
 C = Inter-level travel time spent in this place.
 D = Time resting spent in this place.
 E = Time spent auto-exploring this place.
 F = Levels seen in this place.
 G = Mean time per level.
                   A        B        C        D        E       F      G
               +--------+--------+--------+--------+--------+-----+--------+
         Total |   1284 |   1236 |     48 |    100 |    886 |   2 |  642.0 |
       Dungeon |   1284 |   1236 |     48 |    100 |    886 |   2 |  642.0 |
               +--------+--------+--------+--------+--------+-----+--------+

Top non-repeatable levels by time:
     D:1: 992 daAuts
     D:2: 292 daAuts
